 Dungeon Crawl Stone Soup version 0.18-a0-1312-gf98331d (webtiles) character file.

81 Reinor the Sneak (level 4, -4/23 HPs)
             Began as a Spriggan Abyssal Knight on Feb 14, 2016.
             Was a Follower of Lugonu.
             Slain by Natasha (6 damage)
             ... on level 2 of the Dungeon.
             The game lasted 00:03:24 (1435 turns).

Reinor the Sneak (Spriggan Abyssal Knight)          Turns: 1435, Time: 00:03:24

Health: -4/23      AC: 11    Str:  8    XL:     4   Next: 19%
Magic:  6/6        EV: 12    Int: 17    God:    Lugonu [*.....]
Gold:   139        SH:  0    Dex: 17    Spells: 0 memorised, 3 levels left

rFire  . . .     SeeInvis +     a - +1 short sword
rCold  . . .     Gourm    .     g - +1 pearl dragon armour of Abstinence {rElec rN+ Int+3 Dex+2} (curse)
rNeg   + . .     Faith    .     (shield restricted)
rPois  .         Spirit   .     (helmet restricted)
rElec  +         Dismiss  .     (no cloak)
rCorr  .         Reflect  .     (gloves unavailable)
SustAt .         Harm     .     (boots unavailable)
MR     .....                    (no amulet)
Stlth  +.........               (no ring)
                                (no ring)

@: invisible, very quick, not resistant to hostile enchantments, very unstealthy
A: unfitting armour, see invisible, herbivore 3, speed 3, slow metabolism 2
a: Depart the Abyss, Renounce Religion


You were on level 2 of the Dungeon.
You worshipped Lugonu.
Lugonu was aware of your devotion.
You were not hungry.

You visited 1 branch of the dungeon, and saw 2 of its levels.
You visited the Abyss 1 time.

You collected 139 gold pieces.

Inventory:

Hand Weapons
 a - a +1 short sword (weapon)
Missiles
 j - 13 poisoned needles
Armour
 b - a +0 robe
 g - the cursed +1 pearl dragon armour of Abstinence (worn) {rElec rN+ Int+3 Dex+2}
   (You found it on level 4 of the Abyss)

   It affects your intelligence (+3).
   It affects your dexterity (+2).
   It insulates you from electricity.
   It protects you from negative energy.
   It has a curse placed upon it.
Potions
 h - a potion of haste {unknown}
 i - a potion of cure mutation {unknown}
 k - 2 potions of flight
Comestibles
 c - a bread ration
 d - a slice of pizza
 f - a royal jelly


   Skills:
 - Level 2.4 Fighting
 + Level 3.9 Short Blades
 - Level 3.5 Dodging
 + Level 4.0 Stealth
 - Level 1.7 Invocations


You had 3 spell levels left.
You didn't know any spells.

Dungeon Overview and Level Annotations

Branches:
Dungeon (2/15)

Altars:
Zin
The Shining One

Shops:
D:2 *

Annotations:
D:2 Natasha


Innate Abilities, Weirdness & Mutations

You are tiny and cannot use many weapons and most armour.
You have supernaturally acute eyesight.
You are an herbivore.
You cover ground extremely quickly.
You need consume almost no food.


Message History

The quokka bites you but does no damage.
You hit the quokka but do no damage.
The quokka is lightly wounded.
The quokka bites you.
You hit the quokka.
You kill the quokka!
Lugonu accepts your kill.
No target in view!
No target in view!
No target in view!
You start resting.
Natasha, Servant of Life and Death comes into view.
Natasha hisses angrily.
Natasha claws you!
* * * LOW HITPOINT WARNING * * *
Drink which item? (? for menu, Esc to quit)
It was a potion of invisibility.
You fade into invisibility!
Natasha claws you.
You die...

#.###..#####...#
#..###....##...#
##..#####.##...##
# ##.# #.#..>..#
.# #.#
#.#...#.###.# #.#
#...#.......# #.#
#.......#..## #.#
....####..h..#
#.##.####
#.@#...# #.#.
#††# .... .. #..#
.## . #..# .#
#... . #.##. ###
#


You could see Natasha.

Vanquished Creatures
  Jessica (D:2)
  Natasha (D:2)
  An adder (D:2)
  2 bats (D:1)
  A goblin (D:1)
  3 hobgoblins (D:1)
  2 jackals (D:1)
  3 kobolds (D:1)
  A quokka (D:2)
  A ball python (D:1)
  3 giant newts
  5 rats
24 creatures vanquished.

Vanquished Creatures (others)
  6 starspawn tentacles (Abyss:4)
  36 starspawn tentacle segments (Abyss:4)
42 creatures vanquished.

Grand Total: 66 creatures vanquished

Notes
Turn   | Place    | Note
--------------------------------------------------------------
     0 | Abyss:1  | Reinor the Spriggan Abyssal Knight began the quest for the Orb.
     0 | Abyss:1  | Reached XP level 1. HP: 11/11 MP: 3/3
    72 | Abyss:1  | Noticed a quasit
   151 | Abyss:3  | Found a basalt altar of Yredelemnul.
   162 | Abyss:3  | Noticed a spatial vortex
   163 | Abyss:3  | Noticed a spatial maelstrom
   163 | Abyss:3  | Noticed a spatial vortex
   164 | Abyss:3  | Noticed a spatial vortex
   164 | Abyss:3  | Noticed a spatial vortex
   224 | Abyss:4  | Found a corrupted altar of Lugonu.
   228 | Abyss:4  | Noticed a tentacled starspawn
   248 | Abyss:4  | Noticed a tentacled starspawn
   252 | Abyss:4  | Noticed a large abomination
   257 | Abyss:4  | Found a corrupted altar of Lugonu.
   260 | Abyss:4  | Got a warped pearl dragon armour
   261 | D:1      | Escaped the Abyss
   272 | D:1      | Identified the cursed +1 pearl dragon armour of Abstinence {rElec rN+ Int+3 Dex+2} (You found it on level 4 of the Abyss)
   389 | D:1      | Reached skill level 1 in Stealth
   394 | D:1      | Reached * piety under Lugonu
   491 | D:1      | Reached XP level 2. HP: 16/16 MP: 4/4
   889 | D:1      | Found a glowing golden altar of the Shining One.
  1277 | D:2      | Reached XP level 3. HP: 19/19 MP: 5/5
  1278 | D:2      | Noticed Jessica
  1295 | D:2      | Killed Jessica
  1301 | D:2      | Found Zin's Purification Station.
  1306 | D:2      | Found a glowing silver altar of Zin.
  1403 | D:2      | Noticed Natasha
  1422 | D:2      | Killed Natasha
  1422 | D:2      | Reached skill level 4 in Stealth
  1422 | D:2      | Reached XP level 4. HP: 9/23 MP: 6/6
  1434 | D:2      | Noticed Natasha
  1435 | D:2      | Slain by Natasha

Vault maps used:
D:1:      elethiomel_arrival_infinity_welcomes_careful_drivers, tso_altar
D:2:      zin_purify, serial_curves, eino_curves_02, eino_curves_04, uniq_iyjb,
          uniq_jessica, uniq_natasha
Abyss:3:  evilmike_abyss_rune_acolytes_2
Abyss:4:  evilmike_abyss_rune_tentacle_tunnel

Action                   |  1- 3 |  4- 6 || total
-------------------------+-------+-------++-------
Melee: Short sword       |   101 |     5 ||   106
Invok: Depart the Abyss  |     1 |       ||     1
  Use: Scroll            |     2 |       ||     2
       Potion            |       |     1 ||     1
